 Dungeon Crawl Stone Soup version 0.17-a0-1636-g3119f2b (webtiles) character file.

35 MikeDS the Charmwright (level 3, 0/30 HPs)
             Began as a Draconian Skald on Aug 5, 2015.
             Succumbed to an adder's poison
             ... on level 1 of the Dungeon.
             The game lasted 00:06:55 (1033 turns).

MikeDS the Charmwright (Draconian Skald)            Turns: 1033, Time: 00:06:56

Health: 0/30       AC:  5    Str: 12    XL:     3   Next: 17%
Magic:  6/6        EV: 12    Int: 13    God:
Gold:   33         SH:  0    Dex: 10    Spells: 2 memorised, 4 levels left

rFire  . . .     SeeInvis .     a - +0 mace
rCold  . . .     Clarity  .     (armour unavailable)
rNeg   . . .     SustAt   .     (no shield)
rPois  .         Gourm    .     (helmet restricted)
rElec  .         Spirit   .     (no cloak)
rCorr  .         Warding  .     (no gloves)
rMut   .         Stasis   .     (no boots)
MR     +....                    (no amulet)
Stlth  +.........               (no ring)
                                (no ring)

@: lethally poisoned (0 -> -12), singing (expiring), very slightly contaminated,
somewhat resistant to hostile enchantments, very unstealthy
A: unfitting armour, stinger 1, magic resistance 1, weak 1, cold-blooded, AC +5
a: Stop Singing


You were on level 1 of the Dungeon.
You were not hungry.

You visited 1 branch of the dungeon, and saw 2 of its levels.

You collected 33 gold pieces.

Inventory:

Hand weapons
 a - a +0 mace (weapon)
Scrolls
 d - a scroll of teleportation {unknown}
 e - 3 scrolls of recharging {unknown}
 g - 2 scrolls of identify {unknown}
 i - a scroll of fog {unknown}
Potions
 h - a potion of magic
Books
 b - a book of Battle

   Spells                             Type                      Level
   a - Infusion                       Charms                       1
   b - Shroud of Golubria             Charms/Translocation         2
   c - Song of Slaying                Charms                       2
   d - Spectral Weapon                Hexes/Charms                 3
   e - Regeneration                   Charms/Necromancy            3
Comestibles
 c - a bread ration


   Skills:
 + Level 2.3 Fighting
 + Level 2.4 Maces & Flails
 + Level 1.7 Dodging
 + Level 2.5 Spellcasting
 + Level 2.9 Charms


You had 4 spell levels left.
You knew the following spells:

 Your Spells              Type           Power        Failure   Level  Hunger
a - Infusion              Chrm           #.....       10%         1    #......
b - Song of Slaying       Chrm           #.......     12%         2    ###....


Dungeon Overview and Level Annotations

Branches:
Dungeon (2/15)

Altars:

Annotations:
D:2 Robin


Innate Abilities, Weirdness & Mutations

Your plain brown scales are hard (AC +5).
Your body does not fit into most forms of armour.
You are cold-blooded and may be slowed by cold attacks.
Your tail ends in a poisonous barb.
You are resistant to hostile enchantments.
You are weak. (Str -2)


Message History

You feel sick. The adder closely misses you.
You sock the adder!
You kill the adder!
You have reached level 3!
Your experience leads to an increase in your attributes!
Increase (S)trength, (I)ntelligence, or (D)exterity?
You feel clever.
Your scales feel tougher.
Your song is almost over.
* * * LOW HITPOINT WARNING * * *
You feel sick.
Drink which item? (? for menu, Esc to quit)
It was a potion of magic.
Magic courses through your body.
* * * LOW HITPOINT WARNING * * *
You feel sick.
Drink which item? (? for menu, Esc to quit)
It was a potion of mutation.
You feel extremely strange.
You feel resistant to hostile enchantments.
A poisonous barb forms on the end of your tail.
You feel weaker.
You die...

#..... ########
####..... ##......##
#........ #...(....#
#........ #).......#
#....#... #........#
#....#### #........#
#.....### #........#
#.......# #..@†....#
#....##.# #......).#
#....##..
##.......###....###.
######...##....##..
#######......#####.#
#....####.#...####.#
#....####.#.#..#...#
#...................
#.......#.#.##.....#


There were no monsters in sight!

Vanquished Creatures
  An adder (D:1)
  2 goblins (D:1)
  7 hobgoblins
  3 kobolds (D:1)
  A ball python (D:1)
  4 bats (D:1)
  2 giant cockroaches (D:1)
  A giant gecko (D:1)
  2 giant newts
  3 rats
26 creatures vanquished.

Notes
Turn   | Place    | Note
--------------------------------------------------------------
     0 | D:1      | MikeDS the Draconian Skald began the quest for the Orb.
     0 | D:1      | Reached XP level 1. HP: 17/17 MP: 3/3
   202 | D:1      | Reached XP level 2. HP: 16/24 MP: 0/5
   206 | D:1      | Learned a level 2 spell: Song of Slaying
   345 | D:2      | Noticed Robin
  1031 | D:1      | Reached XP level 3. HP: 4/30 MP: 2/6
  1032 | D:1      | HP: 1/30 [poisoned by an adder]
  1033 | D:1      | Gained mutation: You are resistant to hostile enchantments. [potion of mutation]
  1033 | D:1      | Gained mutation: Your tail ends in a poisonous barb. [potion of mutation]
  1033 | D:1      | Gained mutation: You are weak. (Str -2) [potion of mutation]
  1033 | D:1      | Succumbed to an adder's poison

Vault maps used:
D:1:      mrwooster_arrival_statue
D:2:      overflow_temple_1_default, first_bread,
          nicolae_qazlal_general_emergency, uniq_robin, uniq_crazy_yiuf_cottage,
          uniq_terence, uniq_iyjb

Action                   || total
-------------------------++-------
Melee: Mace              ||   101
 Cast: Infusion          ||     2
       Song of Slaying   ||     2
  Use: Potion            ||     2
  Eat: Chunk             ||     1
